 Dungeon Crawl Stone Soup version 0.21-a0-127-g329daca (webtiles) character file.

469 Kythnos the Covert (level 6, -3/28 HPs)
             Began as a Spriggan Enchanter on July 16, 2017.
             Slain by Menkaure (18 damage)
             ... on level 4 of the Dungeon.
             The game lasted 00:08:01 (3247 turns).

Kythnos the Covert (Spriggan Enchanter)             Turns: 3247, Time: 00:08:01

Health: -3/28      AC:  7    Str:  5    XL:     6   Next: 82%
Magic:  12/14      EV: 18    Int: 18    God:
Gold:   234        SH:  0    Dex: 16    Spells: 3/15 levels left

rFire    . . .     SeeInvis +   e - +1 dagger (venom)
rCold    + . .     Gourm    .   (shield restricted)
rNeg     . . .     Faith    .   x - +2 robe {rC+}
rPois    .         Spirit   .   (helmet restricted)
rElec    .         Reflect  .   i - +2 cloak
rCorr    .         Harm     .   (gloves unavailable)
MR       +....                  (boots unavailable)
Stlth    ++++......             (no amulet)
HPRegen  0.09/turn              b - ring of wizardry
MPRegen  0.14/turn              (no ring)

@: very quick
A: unfitting armour, see invisible, herbivore 3, speed 3, slow metabolism 2
a: no special abilities


You were on level 4 of the Dungeon.
You were not hungry.

You visited 2 branches of the dungeon, and saw 5 of its levels.

You collected 234 gold pieces.

Inventory:

Hand Weapons
 a - a +1 dagger
 e - a +1 dagger of venom (weapon)
Armour
 i - a +2 cloak (worn)
 x - a +2 robe of cold resistance (worn)
Jewellery
 b - a ring of wizardry (left hand)
Wands
 j - a wand of random effects (24/48)
Scrolls
 h - 5 scrolls of recharging
 k - a scroll of teleportation
Potions
 c - a potion of heal wounds {unknown}
 f - a potion of mutation {unknown}
 m - a potion of curing
 n - 2 potions of flight {unknown}
 o - 2 potions of haste
 q - a potion of degeneration {unknown}
 r - a potion of magic {unknown}
 s - 2 potions of resistance {unknown}
 t - a potion of agility
 v - 3 potions of lignification
 w - 2 potions of invisibility {unknown}
Comestibles
 d - a bread ration
 g - 6 fruits


   Skills:
 - Level 1.1 Short Blades
 - Level 3.0 Dodging
 + Level 8.4 Stealth
 - Level 5.3 Spellcasting
 - Level 5.9 Hexes


You had 3 spell levels left.
You knew the following spells:

 Your Spells              Type           Power        Failure   Level  Hunger
a - Ensorcelled Hibernat  Hex/Ice        ###...       2%          2    #......
b - Corona                Hex            ####...      1%          1    None
c - Confuse               Hex            ####....     1%          3    ##.....
d - Tukima's Dance        Hex            ####....     1%          3    ##.....
e - Dazzling Spray        Conj/Hex       ###...       4%          3    ##.....


Dungeon Overview and Level Annotations

Branches:
Dungeon (4/15)             Temple (1/1) D:4

Altars:
Ashenzari
Cheibriados
Fedhas
Gozag
Hepliaklqana
Makhleb
Nemelex Xobeh
Okawaru
Qazlal
Ru
Sif Muna
Trog
Uskayaw
Vehumet
Wu Jian
Yredelemnul
Zin
The Shining One

Annotations:
D:4 Menkaure


Innate Abilities, Weirdness & Mutations

You are very small and have problems with some larger weapons.
You are too small for most types of armour.
You have supernaturally acute eyesight. (SInv)
You are a herbivore.
You cover ground extremely quickly.
You need consume almost no food.


Message History

A gnoll comes into view. It is wielding a spear.
A worker ant comes into view.
You hit Menkaure but do no damage.
The gnoll hits you from afar with a spear.
You hit Menkaure.
Menkaure is lightly damaged.
The gnoll barely misses you. The worker ant completely misses you.
You hit Menkaure but do no damage.
Menkaure is lightly damaged.
Menkaure hits you.
* * * LOW HITPOINT WARNING * * *
The worker ant closely misses you.
You completely miss Menkaure.
Menkaure is lightly damaged.
Menkaure closely misses you. The worker ant completely misses you.
You feel better. The worker ant completely misses you.
The gnoll hits you from afar with a spear.
Menkaure hits you!!
Ouch! That really hurt!
You die...

##.#######
.(....aM#
#.#####@###"#
#.......†gg#
#..####.###.#
#..####.####g#
#.............#
#..............
#....######...#
# #...## ###
#.##=..#


You could see Menkaure (confused), a worker ant and 2 gnolls.

Vanquished Creatures
  Sigmund (D:2)
  Purgy (D:3)
  A scorpion (D:4)
  Ijyb (D:3)
  Terence (D:3)
  3 adders (D:3)
  3 oozes (D:2)
  A dart slug (D:1)
  2 worms
  3 leopard geckos
  An orc (D:3)
  9 bats
  4 giant cockroaches
  9 goblins
  8 hobgoblins
  2 jackals (D:3)
  A quokka (D:2)
  2 frilled lizards
  4 kobolds
  5 rats
62 creatures vanquished.

Notes
Turn   | Place    | Note
-------+----------+-------------------------------------------
     0 | D:1      | Kythnos the Spriggan Enchanter began the quest for the Orb.
     0 | D:1      | Reached XP level 1. HP: 9/9 MP: 5/5
   265 | D:1      | Reached XP level 2. HP: 11/13 MP: 5/7
   269 | D:1      | Learned a level 2 spell: Ensorcelled Hibernation
  1094 | D:2      | Found a hide-covered altar of Uskayaw.
  1127 | D:2      | Reached XP level 3. HP: 14/16 MP: 3/9
  1135 | D:2      | Learned a level 3 spell: Confuse
  1139 | D:2      | Learned a level 3 spell: Tukima's Dance
  1349 | D:2      | Found a glowing silver altar of Zin.
  1437 | D:2      | Found a sparkling altar of Nemelex Xobeh.
  1472 | D:2      | Noticed Sigmund
  1488 | D:2      | Killed Sigmund
  1488 | D:2      | Reached skill level 5 in Spellcasting
  1488 | D:2      | Reached skill level 5 in Hexes
  1488 | D:2      | Reached XP level 4. HP: 11/21 MP: 7/12
  1488 | D:2      | Reached XP level 5. HP: 12/24 MP: 7/13
  1913 | D:3      | Learned a level 3 spell: Dazzling Spray
  1956 | D:3      | Noticed Purgy
  1974 | D:3      | Killed Purgy
  1974 | D:3      | Reached skill level 6 in Stealth
  1974 | D:3      | Reached XP level 6. HP: 28/28 MP: 10/14
  2300 | D:3      | Found a stormy altar of Qazlal.
  2372 | D:3      | Reached skill level 7 in Stealth
  2397 | D:3      | Noticed Ijyb
  2465 | D:3      | Killed Ijyb
  2512 | D:3      | Noticed Terence
  2530 | D:3      | Killed Terence
  2636 | D:3      | Found an ornate altar of the Wu Jian Council.
  2964 | D:4      | Reached skill level 8 in Stealth
  3036 | D:4      | Found a staircase to the Ecumenical Temple.
  3046 | Temple   | Entered the Ecumenical Temple
  3237 | D:4      | Noticed Menkaure
  3247 | D:4      | Slain by Menkaure

Vault maps used:
D:1:      tarquinn_simple_flora_water_f
D:2:      old_standard_altar, nicolae_overflow_crystal_walls,
          nemelex_xobeh_ov_fountains_minmay, minmay_misc_feat_five,
          grunt_decor_fettered, uniq_sigmund
D:3:      grunt_qazlal_sundering, lemuel_doored_altar, uniq_purgy, uniq_terence,
          uniq_ijyb
D:4:      lemuel_round_altar, minmay_temple_entry_statues,
          uniq_crazy_yiuf_cottage, uniq_menkaure
Temple:   dshaligram_water_room_temple

Skill      XL: |  1  2  3  4  5  6 |
---------------+-------------------+-----
Spellcasting   | 3 5 |  5.3
Hexes          | 4 5 |  5.9
Stealth        | 6 8 |  8.4
Short Blades   | |  1.1
Dodging        | |  3.0

Action                   |  1- 3 |  4- 6 || total
-------------------------+-------+-------++-------
Melee: Dagger            |    95 |    93 ||   188
 Cast: Corona            |     4 |       ||     4
       Ensorcelled Hiber |     2 |     5 ||     7
       Confuse           |     1 |     2 ||     3
       Dazzling Spray    |       |     1 ||     1
  Use: Scroll            |       |     8 ||     8
       Potion            |       |     1 ||     1
 Stab: Sleeping          |     8 |    16 ||    24
       Distracted        |       |     1 ||     1
       Confused          |       |     1 ||     1
Armor: Robe              |     7 |    16 ||    23
Dodge: Dodged            |    58 |    52 ||   110
